 Dungeon Sprint DCSS version 0.23-a0-183-gf37f6fb (webtiles) character file.

12400000 namelastname112 the Formicid Barricade (level 27, -34/246 (249) HPs)
             Began as a Formicid Fighter on Sept 23, 2018.
             Was the Champion of Makhleb.
             Annihilated by a meat berserker
             ... wielding a +9 battleaxe
              (54 damage)
             ... in the Dungeon (Sprint VIII: "Arena of Blood").
             The game lasted 00:02:48 (124 turns).

namelastname112 the Formicid Barricade (FoFi)        Turns: 124, Time: 00:02:48

HP:   -34/246 (249) AC: 13    Str: 21    XL:     27
MP:   47/54         EV: 31    Int: 12    God:    Makhleb [******]
Gold: 0             SH: 19    Dex: 19    Spells: 80/80 levels left

rFire    . . .     SeeInvis +   k - +∞ Axe of Woe
rCold    . . .     Gourm    .   b - +0 shield
rNeg     . . .     Faith    .   a - +0 scale mail
rPois    .         Spirit   .   (helmet unavailable)
rElec    .         Reflect  .   (no cloak)
rCorr    .         Harm     .   (no gloves)
MR       ++...                  (no boots)
Stlth    ++++++++..             (no amulet)
HPRegen  0.51/turn              (no ring)
MPRegen  0.34/turn              (no ring)

@: no status effects
A: permanent stasis, dig shafts and tunnels, four strong arms, antennae 3
a: Dig, Minor Destruction, Lesser Servant of Makhleb, Major Destruction, Greater
Servant of Makhleb, Renounce Religion


You were in the Dungeon.
You worshipped Makhleb.
Makhleb was exalted by your worship.
You were not hungry.

You visited 1 branch

Inventory:

Hand Weapons
 k - the +∞ Axe of Woe (weapon)
   (You found it in the Dungeon)
Armour
 a - a +0 scale mail (worn)
 b - a +0 shield (worn)
Scrolls
 j - a scroll of blinking
Potions
 c - a potion of might
 e - a potion of curing
 g - a potion of haste
 h - 2 potions of magic
 i - a potion of berserk rage
Comestibles
 d - a ration


   Skills:
 O Level 27 Fighting
 O Level 27 Axes
 O Level 27 Throwing
 O Level 27 Armour
 O Level 27 Dodging
 O Level 27 Stealth
 O Level 27 Shields
 O Level 27 Unarmed Combat
 O Level 27 Spellcasting
 O Level 27 Invocations


You had 80 spell levels left.
You didn't know any spells.
Your spell library was empty.

Dungeon Overview and Level Annotations

Branches:
Dungeon (1/1)

Altars:
Makhleb

Annotations:
D The Servant


Innate Abilities, Weirdness & Mutations

You cannot be hasted, slowed, berserked, paralysed or teleported.
You can dig through walls and to a lower floor.
Your four strong arms can wield two-handed weapons with a shield.
You have a pair of large antennae on your head. (SInv)


Message History

The tyrant mumbles some strange words.
An observer comes into view.
You hear a shout!
The eight-headed meat hydra calls on the powers of darkness!
The eight-headed meat hydra convulses! x2; The bag of meat convulses!
The observer convulses!
The observer turns its gaze towards you.
The meat berserker convulses!
Your body is wracked with pain!
* * * LOW HITPOINT WARNING * * *
The meat berserker convulses!
The observer convulses!
The fleshlord convulses!
The small abomination completely misses you.
You hear a shout!
The eight-headed meat hydra calls on the powers of darkness!
The eight-headed meat hydra convulses! x2; The observer convulses!
The bag of meat convulses!
The meat berserker convulses!
Your body is wracked with pain!
* * * LOW HITPOINT WARNING * * *
The observer convulses!
You block the bag of meat's attack.
The meat berserker hits you with a +9 battleaxe!!!
You die...

......... { {{{
#.......# { { {{{
#.......# ..
o{{###... ...###...
o{...%..###))......
#{{{{.G.)pX))......
o{{..{#)))))#......
M{.{{{#_)x)_# .....
o.{{{M#O@)).#......
#G.xXxWo)_x........
.D.MX.WD###...%....
...###LML ...###...
.. #XX.....# {{.
#XOX....#{{{{
..X...{..{ {
......L.L{.
........L.


You could see 2 accurseds, 4 tentacled monstrosities, a tyrant, 2 eight-headed
meat hydras, 2 observers, a fleshlord, 3 large abominations, 2 dreads, 2 meat
berserkers, 2 small abominations, a bag of meat and 2 crawling corpses.

Vanquished Creatures
  3 hell beasts (D)
  6 greater mummies (D)
  A great orb of eyes (D)
  13 vampire knights (D)
  31 ogres (D)
  3 two-headed ogres (D)
  A lich (D)
  2 hydras (D)
  48 orcs (D)
  5 phantoms (D)
  6 skeletal warriors (D)
  4 sea snakes (D)
  6 large abominations (D)
  7 small abominations (D)
  11 crawling corpses (D)
147 creatures vanquished.

Vanquished Creatures (others)
  6 crawling corpses (D)
6 creatures vanquished.

Grand Total: 153 creatures vanquished

Notes
Turn   | Place    | Note
-------+----------+-------------------------------------------
     0 | D        | Found the +∞ Axe of Woe
     0 | D        | namelastname112 the Formicid Fighter began the quest for
                  | the Orb.
     0 | D        | Reached XP level 1. HP: 18/18 MP: 1/1
     1 | D        | Noticed a bag of meat
     1 | D        | Noticed a bag of meat
     4 | D        | Noticed a bag of meat
     4 | D        | Noticed a bag of meat
     4 | D        | Noticed a bag of meat
     6 | D        | Became a worshipper of Makhleb the Destroyer
     8 | D        | Killed a bag of meat
     8 | D        | Reached XP level 2. HP: 47/47 MP: 2/2
     8 | D        | Reached XP level 3. HP: 53/53 MP: 3/3
     8 | D        | Reached XP level 4. HP: 60/60 MP: 4/4
     8 | D        | Reached XP level 5. HP: 67/67 MP: 5/5
     8 | D        | Reached XP level 6. HP: 74/74 MP: 6/6
     8 | D        | Reached XP level 7. HP: 80/80 MP: 7/7
     8 | D        | Reached XP level 8. HP: 87/87 MP: 8/8
     8 | D        | Reached XP level 9. HP: 94/94 MP: 9/9
     8 | D        | Reached XP level 10. HP: 101/101 MP: 10/10
     8 | D        | Reached XP level 11. HP: 107/107 MP: 11/11
     8 | D        | Reached XP level 12. HP: 114/114 MP: 12/12
     9 | D        | Killed a bag of meat
     9 | D        | Reached * piety under Makhleb
     9 | D        | Reached skill level 5 in Axes
     9 | D        | Reached skill level 10 in Unarmed Combat
     9 | D        | Reached XP level 13. HP: 127/127 MP: 13/13
     9 | D        | Killed a bag of meat
     9 | D        | Reached XP level 14. HP: 138/138 MP: 14/14
     9 | D        | Noticed a meat berserker
     9 | D        | Noticed a bag of meat
    10 | D        | Noticed a meat berserker
    11 | D        | Noticed a meat berserker
    12 | D        | Noticed a meat berserker
    12 | D        | Noticed a bag of meat
    14 | D        | Killed a meat berserker
    14 | D        | Reached XP level 15. HP: 151/151 MP: 15/15
    15 | D        | Killed a meat berserker
    15 | D        | Reached ** piety under Makhleb
    15 | D        | Reached XP level 16. HP: 92/164 MP: 16/16
    15 | D        | Noticed a meat berserker
    16 | D        | Killed a meat berserker
    16 | D        | Reached skill level 27 in Fighting
    16 | D        | Reached skill level 15 in Axes
    16 | D        | Reached skill level 27 in Armour
    16 | D        | Reached skill level 27 in Shields
    16 | D        | Reached XP level 17. HP: 117/174 MP: 17/17
    16 | D        | Reached skill level 15 in Unarmed Combat
    16 | D        | Noticed a meat berserker
    16 | D        | Noticed a meat berserker
    17 | D        | Killed a meat berserker
    17 | D        | Reached *** piety under Makhleb
    17 | D        | Reached XP level 18. HP: 182/182 MP: 18/18
    17 | D        | Killed a meat berserker
    17 | D        | Reached skill level 27 in Axes
    17 | D        | Reached XP level 19. HP: 189/189 MP: 19/19
    18 | D        | Noticed a meat berserker
    18 | D        | Noticed a meat berserker
    20 | D        | Reached **** piety under Makhleb
    21 | D        | Killed a meat berserker
    21 | D        | Reached skill level 27 in Unarmed Combat
    21 | D        | Reached XP level 20. HP: 197/197 MP: 20/20
    21 | D        | Noticed a destroyer
    22 | D        | Killed a meat berserker
    22 | D        | Reached skill level 15 in Invocations
    22 | D        | Noticed a destroyer
    24 | D        | Killed a meat berserker
    24 | D        | Reached skill level 15 in Throwing
    24 | D        | Reached skill level 15 in Spellcasting
    24 | D        | Reached XP level 21. HP: 204/204 MP: 20/40
    24 | D        | Killed a meat berserker
    24 | D        | Reached ***** piety under Makhleb
    25 | D        | Noticed a destroyer
    25 | D        | Noticed a large bag of meat
    26 | D        | Killed a destroyer
    26 | D        | Reached XP level 22. HP: 212/212 MP: 20/45
    26 | D        | Killed a destroyer
    26 | D        | Reached skill level 27 in Stealth
    27 | D        | Reached XP level 23. HP: 219/219 MP: 21/50
    28 | D        | Reached skill level 27 in Invocations
    29 | D        | Killed a large bag of meat
    31 | D        | Reached ****** piety under Makhleb
    31 | D        | Killed a destroyer
    31 | D        | Reached skill level 27 in Throwing
    31 | D        | Reached skill level 27 in Dodging
    31 | D        | Reached skill level 27 in Spellcasting
    31 | D        | Reached XP level 24. HP: 227/227 MP: 22/54
    33 | D        | Reached XP level 25. HP: 234/234 MP: 22/54
    38 | D        | Noticed a destroyer
    38 | D        | Noticed a large bag of meat
    41 | D        | Noticed a destroyer
    41 | D        | Noticed a destroyer
    42 | D        | Killed a destroyer
    42 | D        | Reached XP level 26. HP: 242/242 MP: 25/54
    42 | D        | Noticed a destroyer
    43 | D        | Noticed a destroyer
    44 | D        | Noticed a large bag of meat
    47 | D        | Reached XP level 27. HP: 249/249 MP: 26/54
    49 | D        | Killed a destroyer
    51 | D        | Killed a destroyer
    51 | D        | Killed a large bag of meat
    52 | D        | Killed a destroyer
    52 | D        | Noticed an accursed
    57 | D        | Noticed a destroyer
    60 | D        | Killed a large bag of meat
    60 | D        | Noticed a large bag of meat
    60 | D        | Noticed a meat beast
    63 | D        | Killed a destroyer
    65 | D        | Killed a meat beast
    66 | D        | Noticed an accursed
    68 | D        | Noticed a meat beast
    69 | D        | Noticed a destroyer
    70 | D        | Killed a meat beast
    71 | D        | Killed an accursed
    75 | D        | Killed a destroyer
    82 | D        | Killed a destroyer
    83 | D        | Noticed a destroyer
    83 | D        | Noticed an accursed
    86 | D        | Killed a destroyer
    87 | D        | Noticed a tyrant
    89 | D        | Noticed an accursed
    91 | D        | Noticed a destroyer
    91 | D        | Noticed an accursed
    94 | D        | Killed an accursed
    94 | D        | Killed an accursed
    95 | D        | Noticed The Servant
    97 | D        | Killed a destroyer
   100 | D        | Killed an accursed
   102 | D        | Noticed a meat beast
   103 | D        | Killed an accursed
   104 | D        | Killed a tyrant
   106 | D        | Killed a meat beast
   108 | D        | Noticed an accursed
   108 | D        | Noticed a large bag of meat
   108 | D        | Noticed a destroyer
   108 | D        | Noticed a dread
   108 | D        | Noticed an accursed
   108 | D        | Noticed an accursed
   108 | D        | Noticed an accursed
   109 | D        | Noticed a tyrant
   109 | D        | Noticed a tyrant
   109 | D        | Killed a destroyer
   111 | D        | Noticed a dread
   112 | D        | HP: 3/246 [wretched soul/bolt of negative energy (49)]
   123 | D        | Killed an accursed
   123 | D        | Noticed a fleshlord
   124 | D        | Annihilated by a meat berserker

Vault maps used:
D:        meatsprint

Skill      XL: |  1  2  3  4  5  6  7  8  9 10 11 12 13 14 15 16 17 18 19 20 21 22 23 |
---------------+----------------------------------------------------------------------+-----
Fighting       | 17 19 21 23 25 27 | 27.0
Axes           | 4 5 7 9 11 15 23 27 | 27.0
Armour         | 17 19 20 23 25 27 | 27.0
Shields        | 18 20 22 24 26 27 | 27.0
Unarmed Combat | 8 10 12 14 18 21 27 | 27.0
Throwing       | 15 19 23 27 | 27.0
Dodging        | 14 18 21 27 | 27.0
Stealth        | 19 24 27 | 27.0
Spellcasting   | 15 19 23 27 | 27.0
Invocations    | 18 22 26 27 | 27.0

Action                   |  1- 3 |  4- 6 |  7- 9 | 10-12 | 13-15 | 16-18 | 19-21 | 22-24 | 25-27 || total
-------------------------+-------+-------+-------+-------+-------+-------+-------+-------+-------++-------
Melee: Executioner's axe |     1 |       |       |     1 |     2 |     2 |     6 |     5 |    62 ||    79
  Use: Potion            |       |       |       |       |       |       |       |       |     1 ||     1
Dodge: Dodged            |       |       |       |       |       |     1 |       |       |     8 ||     9
Block: Shield            |       |       |       |       |       |       |     3 |       |     7 ||    10

Table legend:
 A = Non-vault XP
 B = Vault XP
 C = Vault XP percentage of total XP
 D = Non-vault monster count
 E = Vault monster count
 F = Vault count percentage of total count
                 A         B        C        D         E       F
            +---------+---------+-------+---------+---------+-------
      Total | 2764162 | 1057228 |  27.7 |      81 |      55 |  40.4
            +---------+---------+-------+---------+---------+-------
          D | 2764162 | 1057228 |  27.7 |      81 |      55 |  40.4
            +---------+---------+-------+---------+---------+-------
